 Dungeon Crawl Stone Soup version 0.28.0-53-g5a82cb258f (webtiles) character file.

Game seed: 746902745718057410

4540 MalarOregon the Cruncher (level 10, -5/73 (81) HPs)
             Began as a Palentonga Gladiator on June 11, 2022.
             Was a Believer of Qazlal.
             Slain by Harold
             ... wielding a +8 short sword of draining
              (19 damage)
             ... on level 8 of the Dungeon.
             The game lasted 00:28:09 (11254 turns).

MalarOregon the Cruncher (Palentonga Gladiator)    Turns: 11254, Time: 00:28:09

HP:   -5/73 (81)    AC: 20    Str: 19    XL:     10   Next: 17%
MP:   13/13         EV:  9    Int: 12    God:    Qazlal [**....]
Gold: 381           SH:  3    Dex: 11    Spells: 11/13 levels left

rFire   . . .      SeeInvis +   a - +0 quarterstaff
rCold   . . .      Faith    .   (shield currently unavailable)
rNeg    . . .      Spirit   .   y - +4 ring mail
rPois   .          Reflect  .   c - +0 helmet
rElec   .          Harm     .   q - +0 cloak
rCorr   .          Rampage  .   (no gloves)
Will    .....                   (no barding)
Stlth   ..........              (no amulet)
HPRegen 0.22/turn               (no ring)
MPRegen 0.13/turn               (no ring)

@: mighty, marked, drained, curled up
A: large, rugged brown scales 3, see invisible, deformed body, roll 1, armoured
tail, reflexive curl
a: Rolling Charge, Renounce Religion, Upheaval


You were on level 8 of the Dungeon.
You worshipped Qazlal.
Qazlal was pleased with you.
You visited 2 branches of the dungeon, and saw 9 of its levels.

You collected 381 gold pieces.


Innate Abilities, Weirdness & Mutations

You are completely covered in rugged brown scales. (AC +3, +7% HP)
You have supernaturally acute eyesight. (SInv)
Armour fits poorly on your strangely shaped body.
You can roll at nearby foes to attack.
You have a long armoured tail.
You curl defensively after being hit. (AC +7*)


   Skills:
 + Level 6.2 Fighting
 * Level 9.2 Staves
 - Level 1.3 Throwing
 + Level 4.9 Armour
 + Level 3.2 Dodging
 + Level 1.7 Shields
 + Level 2.1 Spellcasting
 + Level 1.9 Earth Magic
 + Level 4.7 Invocations
 + Level 4.5 Evocations


You had 11 spell levels left.
You knew the following spells:

 Your Spells              Type           Power      Damage    Failure   Level
q - Passwall              Tmut/Erth      2%         N/A       43%         2

Your spell library contained the following spells:

 Spells                   Type           Power      Damage    Failure   Level
 Magic Dart               Conj           4%         1d3       41%         1
 Call Imp                 Summ           1%         N/A       56%         2
 Ensorcelled Hibernation  Hex/Ice        2%         N/A       56%         2
 Conjure Flame            Conj/Fire      1%         6-21      80%         3
 Ignite Poison            Fire/Tmut/Pois 1%         N/A       80%         3
 Inner Flame              Hex/Fire       1%         N/A       80%         3
 Mephitic Cloud           Conj/Pois/Air  1%         N/A       80%         3
 Swiftness                Air            1%         N/A       80%         3
 Animate Dead             Necr           0%         N/A       99%         4
 Cause Fear               Hex            0%         N/A       99%         4
 Sticky Flame             Conj/Fire      1%         2d3       99%         4
 Summon Lightning Spire   Summ/Air       1%         N/A       99%         4
 Haunt                    Necr/Summ      0%         N/A       100%        7
 Storm Form               Tmut/Air       0%         N/A       100%        7
 Discord                  Hex            0%         N/A       100%        8
 Maxwell's Capacitive Co  Air            0%         ∞         100%        8

Inventory:

Hand Weapons
 a - a +0 quarterstaff (weapon)
 p - a +3 flail of draining
   (You took it off Edmund on level 6 of the Dungeon)
 D - a +4 mace of freezing
   (You took it off a wight on level 7 of the Dungeon)
Missiles
 d - 3 throwing nets {!f}
 m - 24 poisoned darts (quivered)
Armour
 c - a +0 helmet (worn)
 j - a +0 buckler
   (You found it on level 1 of the Dungeon)
 q - a +0 cloak (worn)
   (You found it on level 2 of the Dungeon)
 y - a +4 ring mail (worn)
   (You took it off an orc priest on level 4 of the Dungeon)
 B - a +0 kite shield
   (You took it off a gnoll sergeant on level 5 of the Dungeon)
Magical Staves
 l - a staff of air
   (You found it on level 1 of the Dungeon)
Jewellery
 k - a ring of fire
   (You found it on level 1 of the Dungeon)
Wands
 s - a wand of charming (2)
   (You found it on level 7 of the Dungeon)
 t - a wand of flame (9)
   (You found it on level 5 of the Dungeon)
Scrolls
 b - a scroll of blinking {unknown}
 f - 6 scrolls of vulnerability {!r}
 i - a scroll of fear {unknown}
 n - a scroll of enchant weapon
 v - 2 scrolls of fog
 x - a scroll of silence {unknown}
 F - a scroll of noise {unknown}
Potions
 e - 2 potions of mutation {!q}
 g - a potion of might
 h - 2 potions of haste {@q3}
 o - 4 potions of lignification {!q}
 r - a potion of cancellation {unknown}
 w - 3 potions of curing {@q1}
 z - a potion of heal wounds {@q2}
 A - a potion of attraction {unknown}
 C - a potion of flight {unknown}

Dungeon Overview and Level Annotations

Branches:
Dungeon (8/15)             Temple (1/1) D:5            Lair (0/6) D:8

Altars:
Ashenzari
Dithmenos
Elyvilon
Fedhas
Gozag
Hepliaklqana
Kikubaaqudgha
Makhleb
Nemelex Xobeh
Qazlal
Ru
Sif Muna
Trog
Uskayaw
Vehumet
Wu Jian
Xom
Yredelemnul
Zin

Annotations:
D:8 Harold

#.###).###########
#...)).[..........
#########..###########
... ....... #..
...(....... #.#
######.##### #)# #..
#†########.>
#.#.@@))###.#
#[#.###)# #.......# #
###)##### # .zh.. #.
$......z. .##
#.........# ...
#.........# .##
#.........#


You could see Harold.


Message History

Things that are here:
a +2 dagger; a +0 robe You hit the water moccasin but do no damage.
The water moccasin bites you but does no damage.
You closely miss the water moccasin. The water moccasin barely misses you.
You closely miss the water moccasin. The water moccasin bites you.
* * * LOW HITPOINT WARNING * * *
You hit the water moccasin. You tail-slap the water moccasin.
The water moccasin bites you but does no damage.
You hit the water moccasin but do no damage.
The water moccasin bites you.
* * * LOW HITPOINT WARNING * * *
The water moccasin completely misses you.
You closely miss the water moccasin. The water moccasin bites you.
* * * LOW HITPOINT WARNING * * *
You sock the water moccasin!
You tail-slap the water moccasin, but do no damage.
The water moccasin bites you.
* * * LOW HITPOINT WARNING * * *
You are poisoned.
The water moccasin poisons you!
You hit the water moccasin but do no damage.
You feel very sick.
The water moccasin bites you but does no damage.
You miss the water moccasin.
You feel sick.
The water moccasin completely misses you.
You hit the water moccasin but do no damage.
You feel sick.
The water moccasin bites you but does no damage. x2
You closely miss the water moccasin.
You feel sick.
The water moccasin bites you but does no damage.
You hit the water moccasin.
You feel sick. The water moccasin closely misses you.
You hit the water moccasin.
Your tail-slap misses the water moccasin.
You feel sick.
The water moccasin bites you but does no damage.
You barely miss the water moccasin.
The water moccasin bites you but does no damage.
You hit the water moccasin.
You kill the water moccasin!
Qazlal accepts your kill.
You feel sick.
You feel sick.
Things that are here:
a +0 short sword; a +0 robe You feel sick.
Things that are here:
a wyvern corpse; a water moccasin corpse You start resting.
You feel sick.
You are no longer poisoned.
You start resting.
A scorpion comes into view.
Unknown command.
You hit the scorpion but do no damage. The scorpion stings you.
* * * LOW HITPOINT WARNING * * *
You barely miss the scorpion.
The scorpion stings you but does no damage.
You closely miss the scorpion. You tail-slap the scorpion!
You block the scorpion's attack.
You closely miss the scorpion. You block the scorpion's attack.
You hit the scorpion.
The scorpion stings you but does no damage.
You thump the scorpion!
You kill the scorpion!
Qazlal accepts your kill.
Unknown command.
You start resting.
You hear a shout!
Harold is nearby!
Aiming: Paralyse
Press: ? - help, Shift-Dir - straight line, f - Harold
Aim: Harold, wielding a +8 short sword of draining, wearing a +0 chain mail and quivering a throwing net (chance to affect: 26%) Harold easily resists.
The now-empty wand crumbles to dust.
Okay, then.
You feel very mighty all of a sudden.
Harold hits you with a +8 short sword of draining.
You feel drained.
You barely miss Harold. Harold gestures at you while chanting.
A sentinel's mark forms upon you.
You hit Harold. You sock Harold! Harold gestures at you while chanting.
The mark upon you grows brighter.
You sock Harold!
Harold hits you with a +8 short sword of draining!
* * * LOW HITPOINT WARNING * * *
You feel drained.
* * * LOW HITPOINT WARNING * * *
You hit Harold.
Harold hits you with a +8 short sword of draining!
* * * LOW HITPOINT WARNING * * *
You feel drained.
* * * LOW HITPOINT WARNING * * *
As you read the scroll labelled XIW OROSUPATAT, it crumbles to dust.
It is a scroll of enchant weapon.
Your +3 mace of freezing glows red for a moment.
Harold hits you with a +8 short sword of draining!!
You die...

Skill      XL: |  1  2  3  4  5  6  7  8  9 10 |
---------------+-------------------------------+-----
Armour         | 1 2 3 4 |  4.9
Staves         | 4 5 6 8 9 |  9.2
Fighting       | 3 4 5 6 |  6.2
Evocations     | 1 2 3 4 |  4.5
Invocations    | 1 3 4 |  4.7
Spellcasting   | 1 2 |  2.1
Earth Magic    | 1 |  1.9
Shields        | 1 |  1.7
Dodging        | 3 |  3.2
Throwing       | |  1.3

Action                   |  1- 3 |  4- 6 |  7- 9 | 10-12 || total
-------------------------+-------+-------+-------+-------++-------
Melee: Quarterstaff      |   113 |   121 |   411 |    44 ||   689
       Tailslap          |    11 |    15 |    63 |     3 ||    92
Throw: Dart              |       |       |    42 |       ||    42
 Abil: Rolling Charge    |       |       |     8 |     2 ||    10
Evoke: Wand              |       |     1 |     5 |     1 ||     7
  Use: Scroll            |       |     5 |     7 |     1 ||    13
       Potion            |       |       |     4 |     1 ||     5
 Stab: Paralysed         |       |     6 |     7 |       ||    13
Armor: Leather armour    |    47 |    34 |       |       ||    81
       Ring mail         |       |    25 |   177 |    14 ||   216
Dodge: Dodged            |    63 |    58 |   164 |     6 ||   291
Block: Other             |       |       |    18 |     5 ||    23

Levels and vault maps discovered:
D:1:      dpeg_arrival_three_same_balls, layout_loops_ring,
          hellmonk_ecumenical_altar_zigzags, minmay_tiny_reverse_x
D:2:      layout_loops_ring, minmay_pentomino_q2
D:3:      layout_rooms, mainiacjoe_overflow_cross_hatched, minmay_misc_feat_iff,
          minmay_liquid_box, st_stairs_14
D:4:      layout_basic, mainiacjoe_overflow_six_doors_small,
          minmay_joined_circles
D:5:      layout_basic, mainiacjoe_overflow_tiny_flanked, temple_fountains,
          minmay_tree_intersection, sword_in_stone
D:6:      layout_cave_pools, uniq_edmund
D:7:      layout_cave_pools
D:8:      layout_basic, minmay_lair_entry_grove, grunt_decor_clamped, uniq_grum,
          uniq_harold
Temple:   regret_index_temple_sphere_string

Notes
Turn   | Place    | Note
-------+----------+-------------------------------------------
     0 | D:1      | MalarOregon the Palentonga Gladiator began the quest for
                  | the Orb.
     0 | D:1      | Reached XP level 1. HP: 17/17 MP: 1/1
    68 | D:1      | You pick up a book of the Sky and begin reading...
    68 | D:1      | You add the spells Summon Lightning Spire, Storm Form and
                  | Maxwell's Capacitive Coupling to your library.
   315 | D:1      | Found a faded altar of an unknown god.
   319 | D:1      | Reached XP level 2. HP: 19/23 MP: 2/2
  1141 | D:2      | Reached XP level 3. HP: 29/29 MP: 3/3
  1163 | D:2      | Reached skill level 1 in Armour
  1457 | D:2      | Reached skill level 4 in Staves
  1523 | D:2      | Noticed a phantom
  1957 | D:2      | You add the spells Conjure Flame, Ignite Poison and Sticky
                  | Flame to your library.
  2049 | D:2      | Reached XP level 4. HP: 36/36 MP: 4/4
  2316 | D:3      | Found a shadowy altar of Dithmenos.
  2354 | D:3      | You add the spells Animate Dead and Haunt to your library.
  2354 | D:3      | Got the Volume of Dark Secrets and Conjuration
  2416 | D:3      | Reached skill level 3 in Fighting
  2955 | D:3      | You pick up a book of Minor Magic and begin reading...
  2955 | D:3      | You add the spells Magic Dart, Call Imp and Mephitic Cloud
                  | to your library.
  3439 | D:2      | Killed a phantom
  3440 | D:2      | Reached skill level 5 in Staves
  3440 | D:2      | Reached skill level 2 in Armour
  3440 | D:2      | Reached XP level 5. HP: 25/43 MP: 5/5
  4023 | D:4      | You pick up a book of Hexes and begin reading...
  4023 | D:4      | You add the spells Inner Flame, Cause Fear and Discord to
                  | your library.
  4178 | D:4      | Reached XP level 6. HP: 23/50 MP: 6/6
  4489 | D:4      | You fall into a shaft and drop 2 floors!
  4489 | D:6      | Noticed Edmund
  4489 | D:6      | Noticed an ice beast
  4710 | D:6      | Killed an ice beast
  4711 | D:6      | Reached skill level 1 in Evocations
  4771 | D:6      | Reached skill level 4 in Fighting
  4771 | D:6      | Gained mutation: You curl defensively after being hit. (AC
                  | +7*) [Palentonga growth]
  4771 | D:6      | Reached XP level 7. HP: 51/57 MP: 7/7
  4811 | D:6      | HP: 9/47 [Edmund/+3 flail of draining (4)]
  4819 | D:6      | Killed Edmund
  4820 | D:6      | Reached skill level 6 in Staves
  5105 | D:5      | Entered Level 5 of the Dungeon
  5118 | D:5      | Reached skill level 3 in Armour
  5286 | D:5      | Found a staircase to the Ecumenical Temple.
  5304 | Temple   | Entered the Ecumenical Temple
  5480 | Temple   | Became a worshipper of Qazlal Stormbringer
  5515 | D:5      | Reached skill level 2 in Evocations
  5893 | D:5      | Found a sacrificial altar of Ru.
  5940 | D:5      | Reached skill level 1 in Invocations
  5988 | D:5      | Reached XP level 8. HP: 50/65 MP: 7/9
  6361 | D:4      | Reached skill level 7 in Staves
  6848 | D:4      | Reached skill level 2 in Invocations
  6869 | D:4      | Reached skill level 5 in Fighting
  6869 | D:4      | Reached skill level 3 in Evocations
  6976 | D:4      | Found a basalt altar of Yredelemnul.
  7067 | D:4      | Reached * piety under Qazlal
  7747 | D:4      | Reached skill level 3 in Invocations
  7956 | D:5      | Noticed Eustachio
  7983 | D:5      | Reached skill level 4 in Armour
  7992 | D:5      | Killed Eustachio
  7993 | D:5      | Reached skill level 8 in Staves
  8009 | D:5      | Reached XP level 9. HP: 44/72 MP: 11/11
  8170 | D:5      | Noticed Blork the orc
  8179 | D:5      | Killed Blork the orc
  9336 | D:7      | You pick up a book of Burglary and begin reading...
  9336 | D:7      | You add the spells Passwall, Ensorcelled Hibernation and
                  | Swiftness to your library.
  9342 | D:7      | Learned a level 2 spell: Passwall
  9371 | D:7      | Reached skill level 4 in Evocations
  9376 | D:7      | Reached skill level 4 in Invocations
  9924 | D:7      | Reached ** piety under Qazlal
 10271 | D:7      | Identified the +3 plate armour "Moilidd" {Harm +Inv rN++
                  | Int-2}
 10298 | D:7      | Reached skill level 1 in Spellcasting
 10298 | D:7      | Reached skill level 1 in Earth Magic
 10521 | D:8      | Reached skill level 6 in Fighting
 10521 | D:8      | Reached skill level 1 in Shields
 10763 | D:8      | Reached skill level 9 in Staves
 10768 | D:8      | Found a staircase to the Lair.
 10768 | D:8      | Noticed Harold
 10902 | D:8      | Noticed Grum
 10905 | D:8      | Reached skill level 3 in Dodging
 10932 | D:8      | HP: 16/73 [wyvern (12)]
 10942 | D:8      | Reached XP level 10. HP: 30/81 MP: 13/13
 10948 | D:8      | Killed Grum
 10952 | D:8      | HP: 20/81 [wight/+0 short sword (5)]
 11008 | D:8      | Reached skill level 2 in Spellcasting
 11074 | D:8      | HP: 19/81 [poisoned by a water moccasin]
 11079 | D:8      | HP: 15/81 [poisoned by a water moccasin]
 11253 | D:8      | HP: 14/73 [Harold/+8 short sword of draining (6)]
 11254 | D:8      | Slain by Harold

Vanquished Creatures
  Grum (D:8)
  2 wyverns (D:8)
  Eustachio (D:5)
  A steam dragon (D:6)
  Edmund (D:6)
  6 water moccasins
  An orc warrior (D:4)
  3 ice beasts (D:6)
  2 wolves (D:8)
  An ogre (D:5)
  3 phantoms
  A centaur (D:8)
  Blork the orc (D:5)
  A gnoll sergeant (D:5)
  8 scorpions
  2 wyvern zombies
  A water moccasin zombie (D:5)
  2 wyvern skeletons
  12 wights
  A bullfrog zombie (D:3)
  6 hounds
  A jelly (D:5)
  3 orc priests
  A centaur skeleton (D:4)
  4 iguanas
  A scorpion zombie (D:5)
  4 orc wizards
  2 killer bee zombies (D:7)
  5 adders
  An ufetubus (D:7)
  An adder zombie (D:5)
  3 worms
  21 orcs
  4 ball pythons
  6 endoplasms
  2 giant cockroaches
  4 goblins
  6 hobgoblins
  4 jackals (D:1)
  10 kobolds
  2 quokkas
  9 bats
  2 frilled lizards
  12 rats
165 creatures vanquished.

Vanquished Creatures (collateral kills)
  An orc wizard (D:8)
1 creature vanquished.

Vanquished Creatures (others)
  A wight (D:8)
  2 bushes (D:8)
  5 fungi (D:8)
  24 plants (D:8)
32 creatures vanquished.

Grand Total: 198 creatures vanquished

Table legend:
 A = Non-vault XP
 B = Vault XP
 C = Vault XP percentage of total XP
 D = Non-vault monster count
 E = Vault monster count
 F = Vault count percentage of total count
                 A         B        C        D         E       F
            +---------+---------+-------+---------+---------+-------
      Total |    4092 |    2395 |  36.9 |     138 |      28 |  16.9
            +---------+---------+-------+---------+---------+-------
        D:1 |      35 |       2 |   5.4 |      21 |       2 |   8.7
        D:2 |     161 |       7 |   4.2 |      20 |       2 |   9.1
        D:3 |     102 |       1 |   1.0 |      18 |       1 |   5.3
        D:4 |     288 |     407 |  58.6 |      14 |       9 |  39.1
        D:5 |     993 |     383 |  27.8 |      18 |       3 |  14.3
        D:6 |     962 |     162 |  14.4 |      11 |       1 |   8.3
        D:7 |     875 |       0 |   0.0 |      18 |       0 |   0.0
        D:8 |     676 |    1433 |  67.9 |      18 |      10 |  35.7
            +---------+---------+-------+---------+---------+-------

Illustrated notes

Table legend:
 A = Kills in this place as a percentage of kills in entire the game.
 B = Kills by you in this place as a percentage of kills by you in the entire game.
 C = Kills by friends in this place as a percentage of kills by friends in the entire game.
 D = Other kills in this place as a percentage of other kills in the entire game.
 E = Experience gained in this place as a percentage of experience gained in the entire game.
 F = Experience gained in this place divided by the number of levels of this place that you have seen.
                   A       B       C       D       E      F
               +-------+-------+-------+-------+-------+----------------------
         Total | 100.0 | 100.0 | 100.0 |   N/A | 100.0 | 720.8
       Dungeon | 100.0 | 100.0 | 100.0 |   N/A | 100.0 | 810.9
               +-------+-------+-------+-------+-------+----------------------

Table legend: (Time is in decaauts)
 A = Elapsed time spent in this place.
 B = Non-inter-level travel time spent in this place.
 C = Inter-level travel time spent in this place.
 D = Time resting spent in this place.
 E = Time spent auto-exploring this place.
 F = Levels seen in this place.
 G = Mean time per level.
                   A        B        C        D        E       F      G
               +--------+--------+--------+--------+--------+-----+--------+
         Total |  11221 |  10823 |    398 |   2502 |   6364 |   9 | 1246.8 |
       Dungeon |  11029 |  10667 |    362 |   2502 |   6238 |   8 | 1378.6 |
        Temple |    192 |    156 |     36 |      0 |    126 |   1 |  192.0 |
               +--------+--------+--------+--------+--------+-----+--------+

Top non-repeatable levels by time:
     D:5: 2089 daAuts
     D:4: 1715 daAuts
     D:2: 1702 daAuts
     D:6: 1624 daAuts
     D:1: 1260 daAuts
     D:3: 966 daAuts
     D:7: 952 daAuts
     D:8: 718 daAuts
  Temple: 192 daAuts
